 Dungeon Crawl Stone Soup version 0.29-a0-410-g9596d59a08 (webtiles) character file.

Game seed: 8519175316352730247

14042 Bruhh the Frost Mage (level 12, -18/94 HPs)
             Began as a Gnoll Ice Elementalist on May 14, 2022.
             Was a Believer of Ashenzari.
             Demolished by a dire elephant simulacrum (25 damage)
             ... in an ice cave.
             The game lasted 00:28:21 (15966 turns).

Bruhh the Frost Mage (Gnoll Ice Elementalist)      Turns: 15966, Time: 00:28:22

Health: -18/94     AC:  7    Str:  8    XL:     12   Next: 12%
Magic:  26/26      EV: 14    Int: 19    God:    Ashenzari [**....]
Gold:   598        SH: 12    Dex: 13    Spells: 12/32 levels left

rFire   + + +      SeeInvis +   U - +1 broad axe of the Shackled Sage {vorpal, Melee, Self} (curse)
rCold   + + +      Faith    .   o - +2 shield of Resistance {rF++ rC++ Will++}
rNeg    . . .      Spirit   .   L - +2 robe {rC+ rF+}
rPois   +          Reflect  .   l - +0 helmet "Share My Irritation" {Melee, Evo} (curse)
rElec   +          Harm     .   (no cloak)
rCorr   +          Rampage  .   (no gloves)
Will    +++..                   J - +0 pair of boots "Perceptive Yoke" {Comp, Self} (curse)
Stlth   ++++......              (no amulet)
HPRegen 0.25/turn               n - ring of the Fated Yoke {Will+, Bglg, Elem} (curse)
MPRegen 0.20/turn               (no ring)

@: mighty, resistant
A: fangs 1, strong nose, distributed training, passive freeze, noise suppression
a: Renounce Religion, Shatter the Chains


You were in an ice cave.
You worshipped Ashenzari.
Ashenzari was pleased with you.
You visited 3 branches of the dungeon, and saw 12 of its levels.
You also visited: Ossuary and Ice Cave.

You collected 598 gold pieces.

Inventory:

Hand Weapons
 c - a +0 vampiric scythe
 C - a +3 halberd
 H - the +7 whip of Impatience {freeze, rN+}
   (You found it on level 6 of the Dungeon)

   It freezes those it strikes, dealing additional cold damage.
   It can also slow down cold-blooded creatures.
   rN:        It protects you from negative energy.
 U - the cursed +1 broad axe of the Shackled Sage (weapon) {vorpal, Melee, Self}
   (You took it off an orc warrior on level 9 of the Dungeon)

   It inflicts extra damage upon your enemies.
   It has a curse which improves the following skills: Melee Combat: Short
   Blades, Long Blades, Axes, Maces & Flails, Polearms, Staves and Unarmed
   Combat.
   Introspection: Fighting and Spellcasting.
Missiles
 y - 2 throwing nets
 D - 18 poisoned darts
 Q - 2 curare-tipped darts
Armour
 a - a +0 robe
 l - the cursed +0 helmet "Share My Irritation" (worn) {Melee, Evo}
   (You found it on level 2 of the Dungeon)

   It has a curse which improves the following skills: Melee Combat: Short
   Blades, Long Blades, Axes, Maces & Flails, Polearms, Staves and Unarmed
   Combat.
   Evocations: Evocations.
 m - a +1 robe of resistance
 o - the +2 shield of Resistance (worn) {rF++ rC++ Will++}
   (You acquired it on level 1 of the Lair of Beasts)

   rF:        It greatly protects you from fire.
   rC:        It greatly protects you from cold.
   Will:      It greatly increases your willpower.
 F - a +0 plate armour of cold resistance
 I - a +0 leather armour
 J - the cursed +0 pair of boots "Perceptive Yoke" (worn) {Comp, Self}
   (You found it on level 3 of the Dungeon)

   It has a curse which improves the following skills: Companions: Summonings
   and Necromancy.
   Introspection: Fighting and Spellcasting.
 L - a +2 robe of resistance (worn)
 V - a +0 kite shield
Jewellery
 n - the cursed ring of the Fated Yoke (left hand) {Will+, Bglg, Elem}
   (You found it on level 2 of the Dungeon)

   [ring of willpower]

   Will:      It increases your willpower.
   It has a curse which improves the following skills: Beguiling: Conjurations,
   Hexes and Translocations.
   Elements:  Fire Magic, Ice Magic, Air Magic and Earth Magic.
 K - a ring of wizardry
Wands
 G - a wand of polymorph (7)
 M - a wand of acid (14)
 O - a wand of paralysis (9)
 P - a wand of flame (25)
 R - a wand of iceblast (4)
 W - a wand of mindburst (6)
Scrolls
 d - 5 scrolls of enchant weapon
 f - 2 scrolls of vulnerability
 g - 3 scrolls of noise
 i - 3 scrolls of fog
 j - 7 scrolls of identify
 k - 10 scrolls of teleportation
 r - 4 scrolls of poison
 t - 2 scrolls of enchant armour
 u - a scroll of torment
 w - a scroll of fear
 B - a scroll of immolation
 S - 2 scrolls of silence
Potions
 b - a potion of magic
 e - 3 potions of flight
 p - 4 potions of curing
 q - a potion of berserk rage
 s - 4 potions of might
 v - 2 potions of degeneration
 x - 2 potions of attraction
 z - 2 potions of invisibility
 A - 2 potions of mutation
 N - a potion of brilliance


   Skills:
 + Level 7.0(8.9) Fighting
 + Level 7.0(8.9) Short Blades
 + Level 7.0(8.9) Long Blades
 + Level 7.0(8.9) Axes
 + Level 7.0(8.9) Maces & Flails
 + Level 7.0(8.9) Polearms
 + Level 7.0(8.9) Staves
 + Level 7.0 Slings
 + Level 7.0 Bows
 + Level 7.0 Crossbows
 + Level 7.0 Throwing
 + Level 7.0 Armour
 + Level 8.4 Dodging
 + Level 8.2 Stealth
 + Level 7.0 Shields
 + Level 7.0(8.9) Unarmed Combat
 + Level 8.7(10.6) Spellcasting
 + Level 5.8(7.0) Conjurations
 + Level 5.8(7.0) Hexes
 + Level 5.8(7.0) Summonings
 + Level 5.8(7.0) Necromancy
 + Level 5.8(7.0) Translocations
 + Level 5.8 Transmutations
 + Level 5.8(7.0) Fire Magic
 + Level 9.3(10.5) Ice Magic
 + Level 5.8(7.0) Air Magic
 + Level 5.8(7.0) Earth Magic
 + Level 5.8 Poison Magic
 + Level 7.6 Invocations
 + Level 7.0(8.2) Evocations


You had 12 spell levels left.
You knew the following spells:

 Your Spells              Type           Power      Damage    Failure   Level
a - Freeze                Ice            100%       1d11      1%          1
b - Frozen Ramparts       Ice            100%       1d12      1%          3
c - Ozocubu's Armour      Ice            50%        N/A       1%          3
d - Poisonous Vapours     Pois/Air       68%        N/A       1%          2
e - Tukima's Dance        Hex            36%        N/A       3%          3
f - Hailstorm             Conj/Ice       43%        3d10      4%          4
g - Summon Lightning Spi  Summ/Air       36%        N/A       10%         4

Your spell library contained the following spells:

 Spells                   Type           Power      Damage    Failure   Level
 Magic Dart               Conj           100%       1d8       1%          1
 Slow                     Hex            100%       N/A       1%          1
 Blink                    Tloc           72%        N/A       1%          2
 Call Imp                 Summ           36%        N/A       1%          2
 Corpse Rot               Necr/Air       72%        N/A       1%          2
 Confusing Touch          Hex            36%        N/A       3%          3
 Gell's Gravitas          Tloc           36%        N/A       3%          3
 Lesser Beckoning         Tloc           36%        N/A       3%          3
 Mephitic Cloud           Conj/Pois/Air  35%        N/A       3%          3
 Teleport Other           Tloc           36%        N/A       3%          3
 Vampiric Draining        Necr           36%        2d8       3%          3
 Summon Ice Beast         Ice/Summ       43%        N/A       4%          4
 Ice Form                 Ice/Tmut       41%        N/A       6%          4
 Anguish                  Hex/Necr       18%        N/A       10%         4
 Animate Dead             Necr           18%        N/A       10%         4
 Passage of Golubria      Tloc           36%        N/A       10%         4
 Borgnjor's Vile Clutch   Necr/Erth      18%        N/A       28%         5
 Manifold Assault         Tloc           36%        N/A       28%         5
 Yara's Violent Unravell  Hex/Tmut       17%        3d8       34%         5
 Enfeeble                 Hex            18%        N/A       100%        7
 Death's Door             Necr           18%        N/A       100%        9


Dungeon Overview and Level Annotations

Branches:
Dungeon (10/15)            Temple (1/1) D:4            Lair (1/6) D:9
    Orc (0/2) D:9         Ossuary (visited)           IceCv (1/1)

Altars:
Ashenzari
Cheibriados
Dithmenos
Elyvilon
Fedhas
Gozag
Makhleb
Nemelex Xobeh
Okawaru
Qazlal
Ru
Sif Muna
Trog
Uskayaw
Vehumet
Wu Jian
Yredelemnul
Zin
The Shining One

Shops:
D:1 [

Annotations:
D:10 Snorg IceCv exclusion: 3 ice statues


Innate Abilities, Weirdness & Mutations

You have very sharp teeth.
Your uncanny sense of smell can sniff out nearby items.
Your experience applies equally to all skills.
A frigid envelope surrounds you and freezes all who hurt you.
You passively dampen the noise of your surroundings.


Message History

* * * LOW HITPOINT WARNING * * *
The dire elephant simulacrum freezes you.
You resist.
* * * LOW HITPOINT WARNING * * *
The dire elephant simulacrum completely resists.
Your entropy weaver simulacrum hits the ice statue but does no damage. x2
Your entropy weaver simulacrum hits the ice statue.
Your entropy weaver simulacrum freezes the ice statue.
The ice statue completely resists.
Your entropy weaver simulacrum hits the ice statue but does no damage.
You block the white ugly thing's attack.
Aiming: Corrosive Bolt
Press: ? - help, Shift-Dir - straight line, f - white ugly thing
Aim: a white ugly thing (heavily wounded, 74% to hit)
The bolt of acid hits the white ugly thing.
The acid corrodes the white ugly thing!
The white ugly thing is heavily wounded.
The ice statue gestures.
The dire elephant simulacrum tramples you!
* * * LOW HITPOINT WARNING * * *
You hold your ground!
The dire elephant simulacrum trunk-slaps you but does no damage.
The dire elephant simulacrum completely resists.
Your entropy weaver simulacrum hits the ice statue!
Your entropy weaver simulacrum freezes the ice statue.
The ice statue completely resists.
Your entropy weaver simulacrum hits the ice statue!
Your entropy weaver simulacrum freezes the ice statue.
The ice statue completely resists.
Your entropy weaver simulacrum hits the ice statue but does no damage. x2
You block the white ugly thing's attack.
Unknown command.
It's stuck to you!
Okay, then.
As you read the scroll of fear, it crumbles to dust.
You assume a fearsome visage.
The ice beast looks frightened! x3
The ice statue is unaffected.
The white ugly thing looks frightened!
The dire elephant simulacrum is unaffected.
The dire elephant simulacrum tramples you!!
You die...

########## #######
.(.#(...8## ##..@/)#
...#YY°...###..Zu.)#
...#Y°.....#.......#
....Y°....Y8Z.....)#
...#.°...YY#.......#
..(#......###.....?#
.$|#8...(## ##../[}#
########## #######


You could see an ice statue (distracted, ally target), a white ugly thing
(fleeing, corroded), 3 ice beasts, a dire elephant simulacrum and a friendly
entropy weaver simulacrum (summoned).

Vanquished Creatures
  A centaur warrior (D:10)
  A two-headed ogre (D:8)
  A cyclops (D:6)
  An unseen horror (D:6)
  A cane toad (Lair:1)
  A freezing wraith (IceCv)
  2 kobold demonologists (D:9)
  A komodo dragon (Lair:1)
  5 blink frogs (Lair:1)
  Sigmund (D:2)
  11 yaks (D:9)
  A wraith (D:9)
  2 wyverns (D:9)
  Grum (D:8)
  A basilisk (Lair:1)
  A steam dragon (D:8)
  An acid dragon (D:9)
  A harpy simulacrum (IceCv)
  9 water moccasins
  Duvessa (D:7)
  7 orc warriors
  5 ice beasts (D:6)
  A black bear (D:6)
  An ogre (D:6)
  3 wolves (D:8)
  7 centaurs
  A phantom (D:5)
  A kobold brigand (D:9)
  An elf zombie (D:4)
  9 bullfrogs
  3 necrophages (D:6)
  A cane toad simulacrum (IceCv)
  7 scorpions
  5 wights
  Dowan (D:7)
  An elephant simulacrum (IceCv)
  9 howler monkeys
  A centaur zombie (Ossuary)
  5 jellies
  3 human zombies
  A gnoll shaman (D:9)
  2 hounds
  8 orc priests
  2 iguanas
  19 orc wizards
  A wolf simulacrum (IceCv)
  3 mummies (Ossuary)
  Robin (D:2)
  18 gnolls
  10 adders
  3 shadow imps
  A white imp (D:7)
  8 adder zombies (Ossuary)
  A worm (D:3)
  5 dart slugs
  38 orcs
  7 endoplasms
  A gnoll zombie (Ossuary)
  11 goblins
  6 hobgoblins
  6 jackals
  8 kobolds
  2 quokkas (D:2)
  11 ball pythons
  2 bats (D:2)
  5 frilled lizards
  2 goblin zombies (Ossuary)
  3 hobgoblin zombies (Ossuary)
  4 jackal zombies (Ossuary)
  2 kobold zombies (Ossuary)
  4 orc skeletons (D:4)
  4 orc zombies (Ossuary)
  A quokka zombie (Ossuary)
  5 rats
  5 rat zombies (Ossuary)
326 creatures vanquished.

Vanquished Creatures (collateral kills)
  An entropy weaver simulacrum (IceCv)
  An elephant simulacrum (IceCv)
2 creatures vanquished.

Vanquished Creatures (others)
  47 fungi
  47 plants
94 creatures vanquished.

Grand Total: 422 creatures vanquished

Notes
Turn   | Place    | Note
-------+----------+-------------------------------------------
     0 | D:1      | Bruhh the Gnoll Ice Elementalist began the quest for the
                  | Orb.
     0 | D:1      | Reached XP level 1. HP: 13/13 MP: 6/6
   128 | D:1      | Reached XP level 2. HP: 14/19 MP: 5/7
   718 | D:1      | Reached XP level 3. HP: 23/25 MP: 7/9
   720 | D:1      | Reached skill level 5 in Spellcasting
   766 | D:1      | Found Kirydal's Antique Armour Shoppe.
   923 | D:1      | Learned a level 3 spell: Frozen Ramparts
   927 | D:1      | Learned a level 3 spell: Ozocubu's Armour
   934 | D:2      | Reached skill level 1 in Invocations
  1137 | D:2      | Found a hide-covered altar of Uskayaw.
  1427 | D:2      | Noticed Sigmund
  1442 | D:2      | HP: 1/25 [something (10)]
  1443 | D:2      | Gained mutation: You are frail. (-10% HP) [potion of
                  | mutation]
  1443 | D:2      | Gained mutation: You do not regenerate when monsters are
                  | visible. [potion of mutation]
  1457 | D:2      | Killed Sigmund
  1458 | D:2      | Reached skill level 1 in Fighting
  1458 | D:2      | Reached skill level 1 in Short Blades
  1458 | D:2      | Reached skill level 1 in Long Blades
  1458 | D:2      | Reached skill level 1 in Axes
  1458 | D:2      | Reached skill level 1 in Maces & Flails
  1458 | D:2      | Reached skill level 1 in Polearms
  1458 | D:2      | Reached skill level 1 in Staves
  1458 | D:2      | Reached skill level 1 in Slings
  1458 | D:2      | Reached skill level 1 in Bows
  1458 | D:2      | Reached skill level 1 in Crossbows
  1458 | D:2      | Reached skill level 1 in Throwing
  1458 | D:2      | Reached skill level 1 in Armour
  1458 | D:2      | Reached skill level 1 in Shields
  1458 | D:2      | Reached skill level 1 in Unarmed Combat
  1458 | D:2      | Reached skill level 1 in Conjurations
  1458 | D:2      | Reached skill level 1 in Hexes
  1458 | D:2      | Reached skill level 1 in Summonings
  1458 | D:2      | Reached skill level 1 in Necromancy
  1458 | D:2      | Reached skill level 1 in Translocations
  1458 | D:2      | Reached skill level 1 in Transmutations
  1458 | D:2      | Reached skill level 1 in Fire Magic
  1458 | D:2      | Reached skill level 1 in Air Magic
  1458 | D:2      | Reached skill level 1 in Earth Magic
  1458 | D:2      | Reached skill level 1 in Poison Magic
  1458 | D:2      | Reached skill level 1 in Evocations
  1458 | D:2      | Reached XP level 4. HP: 15/29 MP: 8/11
  1458 | D:2      | Reached XP level 5. HP: 18/34 MP: 8/12
  1884 | D:2      | Noticed Robin
  1889 | D:2      | Reached XP level 6. HP: 39/39 MP: 6/13
  1901 | D:2      | Killed Robin
  2624 | D:3      | Reached skill level 5 in Dodging
  2783 | D:3      | You fall into a shaft and drop 1 floor!
  2801 | D:4      | Found a staircase to the Ecumenical Temple.
  2807 | Temple   | Entered the Ecumenical Temple
  2859 | Temple   | Became a worshipper of Ashenzari the Shackled
  2980 | D:4      | Found a sand-covered staircase.
  3009 | Ossuary  | Entered an ossuary
  3794 | Ossuary  | Reached XP level 7. HP: 33/45 MP: 9/15
  4413 | Ossuary  | Lost mutation: You are frail. (-10% HP) [potion of
                  | mutation]
  4413 | Ossuary  | Lost mutation: You do not regenerate when monsters are
                  | visible. [potion of mutation]
  4413 | Ossuary  | Gained mutation: You passively dampen the noise of your
                  | surroundings. [potion of mutation]
  4413 | Ossuary  | Gained mutation: A frigid envelope surrounds you and
                  | freezes all who hurt you. [potion of mutation]
  5034 | D:4      | Reached skill level 5 in Stealth
  5904 | D:3      | Found a faded altar of an unknown god.
  6178 | D:3      | Reached XP level 8. HP: 57/57 MP: 9/16
  7346 | D:5      | Entered Level 5 of the Dungeon
  7811 | D:5      | Reached XP level 9. HP: 65/65 MP: 11/18
  8693 | D:6      | Reached * piety under Ashenzari
  8693 | D:6      | Identified 2 scrolls of acquirement
  8802 | D:6      | Reached skill level 8 in Ice Magic
  9194 | D:6      | Reached skill level 5 in Invocations
  9528 | D:6      | Reached XP level 10. HP: 53/73 MP: 15/20
  9625 | D:6      | Identified the +7 whip of Impatience {freeze, rN+}
  9625 | D:6      | Noticed a cyclops
  9630 | D:6      | Killed an unseen horror
  9633 | D:6      | Killed a cyclops
  9634 | D:6      | Reached skill level 5 in Fighting
  9634 | D:6      | Reached skill level 5 in Short Blades
  9634 | D:6      | Reached skill level 5 in Long Blades
  9634 | D:6      | Reached skill level 5 in Axes
  9634 | D:6      | Reached skill level 5 in Maces & Flails
  9634 | D:6      | Reached skill level 5 in Polearms
  9634 | D:6      | Reached skill level 5 in Staves
  9634 | D:6      | Reached skill level 5 in Slings
  9634 | D:6      | Reached skill level 5 in Bows
  9634 | D:6      | Reached skill level 5 in Crossbows
  9634 | D:6      | Reached skill level 5 in Throwing
  9634 | D:6      | Reached skill level 5 in Armour
  9634 | D:6      | Reached skill level 5 in Shields
  9634 | D:6      | Reached skill level 5 in Unarmed Combat
  9634 | D:6      | Reached skill level 5 in Evocations
 10090 | D:6      | Learned a level 2 spell: Poisonous Vapours
 10094 | D:6      | Learned a level 3 spell: Tukima's Dance
 10099 | D:6      | Learned a level 4 spell: Hailstorm
 10347 | D:7      | Found a hide-covered altar of Uskayaw.
 10495 | D:3      | Reached ** piety under Ashenzari
 10906 | D:7      | Noticed Duvessa
 10906 | D:7      | Noticed Dowan
 10916 | D:7      | Killed Duvessa
 10922 | D:7      | Killed Dowan
 12037 | D:8      | Noticed a two-headed ogre
 12047 | D:8      | Killed a two-headed ogre
 12142 | D:8      | Identified the +10 dagger of Dissent {vorpal, rCorr}
 12151 | D:8      | Noticed Grum
 12169 | D:8      | Killed Grum
 12856 | D:9      | Reached XP level 11. HP: 81/84 MP: 9/24
 12968 | D:9      | Reached skill level 5 in Conjurations
 12968 | D:9      | Reached skill level 5 in Hexes
 12968 | D:9      | Reached skill level 5 in Summonings
 12968 | D:9      | Reached skill level 5 in Necromancy
 12968 | D:9      | Reached skill level 5 in Translocations
 12968 | D:9      | Reached skill level 5 in Transmutations
 12968 | D:9      | Reached skill level 5 in Fire Magic
 12968 | D:9      | Reached skill level 5 in Air Magic
 12968 | D:9      | Reached skill level 5 in Earth Magic
 12968 | D:9      | Reached skill level 5 in Poison Magic
 13002 | D:9      | Found a staircase to the Lair.
 14044 | D:9      | Reached skill level 9 in Ice Magic
 14098 | D:9      | Found a staircase to the Orcish Mines.
 14950 | D:10     | Entered Level 10 of the Dungeon
 14950 | D:10     | Noticed a centaur warrior
 14959 | D:10     | Killed a centaur warrior
 15337 | D:10     | Noticed Snorg
 15370 | Lair:1   | Entered Level 1 of the Lair of Beasts
 15509 | Lair:1   | Reached XP level 12. HP: 75/94 MP: 18/26
 15509 | Lair:1   | Acquired the Tome of Creation and Unholy Secrets
 15511 | Lair:1   | Acquired the +2 shield of Resistance {rF++ rC++ Will++}
 15511 | Lair:1   | Found the +2 shield of Resistance {rF++ rC++ Will++}
 15535 | Lair:1   | Found a frozen archway.
 15566 | IceCv    | Entered an ice cave
 15825 | IceCv    | Learned a level 4 spell: Summon Lightning Spire
 15966 | IceCv    | Demolished by a dire elephant simulacrum

Illustrated notes

Levels and vault maps discovered:
D:1:      amcnicky_arrival_single_pillar, layout_basic, serial_shops,
          nicolae_shop_behind_doors
D:2:      layout_basic, basic_altar, uniq_robin, uniq_sigmund
D:3:      layout_basic, dreamdust_ecumenical_altar_grove,
          kennysheep_generic_room_14
D:4:      layout_basic, minmay_temple_entry_tees,
          nicolae_ossuary_entry_catacombs, kennysheep_generic_room_2
D:5:      layout_loops_ring
D:6:      kennysheep_windowed_halls, layout_basic, serial_corexii_hall,
          chequers_hall_statues_corner_a, chequers_hall_statues_corner_a
D:7:      layout_basic, eat_drink_and_be_merry_uskayaw, uniq_duvessa
D:8:      layout_basic, kennysheep_decorative_pillar,
          chequers_serial_rivers_small_3, uniq_grum
D:9:      minmay_razor_zed, layout_loops_corners, due_lair_maze_entry_diamond,
          david_orc_4
D:10:     layout_gridville, uniq_snorg
Temple:   grunt_wide_crystal_templ
Lair:1:   beast_lair_carwin_large_2, layout_gridlike,
          portal_ice_cave_entry_pillars_1, minivault_25, uniq_erica
IceCv:    ice_cave_statue_garden_chambered

Skill      XL: |  1  2  3  4  5  6  7  8  9 10 11 12 |
---------------+-------------------------------------+-----
Spellcasting   | 5 6 7 8 |  8.7
Invocations    | 1 2 3 4 5 6 7 |  7.6
Fighting       | 1 2 3 4 5 6 7 |  7.0
Short Blades   | 1 2 3 4 5 6 7 |  7.0
Long Blades    | 1 2 3 4 5 6 7 |  7.0
Axes           | 1 2 3 4 5 6 7 |  7.0
Maces & Flails | 1 2 3 4 5 6 7 |  7.0
Polearms       | 1 2 3 4 5 6 7 |  7.0
Staves         | 1 2 3 4 5 6 7 |  7.0
Slings         | 1 2 3 4 5 6 7 |  7.0
Bows           | 1 2 3 4 5 6 7 |  7.0
Crossbows      | 1 2 3 4 5 6 7 |  7.0
Throwing       | 1 2 3 4 5 6 7 |  7.0
Armour         | 1 2 3 4 5 6 7 |  7.0
Shields        | 1 2 3 4 5 6 7 |  7.0
Unarmed Combat | 1 2 3 4 5 6 7 |  7.0
Conjurations   | 1 2 3 4 5 |  5.8
Hexes          | 1 2 3 4 5 |  5.8
Summonings     | 1 2 3 4 5 |  5.8
Necromancy     | 1 2 3 4 5 |  5.8
Translocations | 1 2 3 4 5 |  5.8
Transmutations | 1 2 3 4 5 |  5.8
Fire Magic     | 1 2 3 4 5 |  5.8
Air Magic      | 1 2 3 4 5 |  5.8
Earth Magic    | 1 2 3 4 5 |  5.8
Poison Magic   | 1 2 3 4 5 |  5.8
Evocations     | 1 2 3 4 5 6 7 |  7.0
Dodging        | 5 6 7 8 |  8.4
Stealth        | 5 6 7 8 |  8.2
Ice Magic      | 8 9 |  9.3

Action                   |  1- 3 |  4- 6 |  7- 9 | 10-12 || total
-------------------------+-------+-------+-------+-------++-------
Melee: Unarmed           |    15 |       |       |       ||    15
       Bite              |     2 |     9 |    27 |    26 ||    64
       Scythe            |       |   112 |   184 |       ||   296
       Halberd           |       |       |   156 |     4 ||   160
       Whip              |       |       |       |   113 ||   113
       Punch             |       |       |       |     7 ||     7
       Broad axe         |       |       |       |    84 ||    84
Throw: Dart              |       |       |     1 |     4 ||     5
 Cast: Freeze            |    40 |     8 |     4 |    36 ||    88
       Frozen Ramparts   |     3 |     9 |    23 |    17 ||    52
       Ozocubu's Armour  |     1 |     6 |    21 |    17 ||    45
       Poisonous Vapours |       |       |       |     8 ||     8
       Tukima's Dance    |       |       |       |     7 ||     7
       Hailstorm         |       |       |       |     6 ||     6
       Summon Lightning  |       |       |       |     3 ||     3
Invok: Curse Item        |       |       |     2 |     2 ||     4
Evoke: Wand              |       |       |     1 |     1 ||     2
  Use: Potion            |     5 |       |     1 |     5 ||    11
       Scroll            |       |       |       |     6 ||     6
 Stab: Sleeping          |       |     6 |    23 |    10 ||    39
       Distracted        |       |     1 |       |     1 ||     2
Armor: Robe              |     7 |    51 |   133 |    67 ||   258
       Leather armour    |       |       |       |     4 ||     4
Dodge: Dodged            |    28 |   116 |   342 |   210 ||   696
Block: Kite shield       |       |       |       |    61 ||    61

Table legend: (Time is in decaauts)
 A = Elapsed time spent in this place.
 B = Non-inter-level travel time spent in this place.
 C = Inter-level travel time spent in this place.
 D = Time resting spent in this place.
 E = Time spent auto-exploring this place.
 F = Levels seen in this place.
 G = Mean time per level.
                   A        B        C        D        E       F      G
               +--------+--------+--------+--------+--------+-----+--------+
         Total |  16287 |  15576 |    711 |   1732 |  10893 |  14 | 1163.4 |
       Dungeon |  13796 |  13091 |    705 |    777 |  10135 |  10 | 1379.6 |
        Temple |     63 |     57 |      6 |      0 |     31 |   1 |   63.0 |
          Lair |    205 |    205 |      0 |     37 |      5 |   1 |  205.0 |
       Ossuary |   1817 |   1817 |      0 |    641 |    712 |   1 | 1817.0 |
      Ice Cave |    404 |    404 |      0 |    277 |     10 |   1 |  404.0 |
               +--------+--------+--------+--------+--------+-----+--------+

Top non-repeatable levels by time:
     D:9: 2767 daAuts
     D:6: 1927 daAuts
 Ossuary: 1817 daAuts
     D:4: 1764 daAuts
     D:2: 1629 daAuts
     D:3: 1469 daAuts
     D:5: 1156 daAuts
     D:8: 1128 daAuts
     D:7: 989 daAuts
     D:1: 927 daAuts
   IceCv: 404 daAuts
  Lair:1: 205 daAuts
  Temple: 63 daAuts
    D:10: 37 daAuts
